 Dungeon Crawl Stone Soup version 0.30-a0-279-g4b46babb21 (webtiles) character file.

Game seed: 4618745293773784772

3806 themarg the Basher (level 10, -7/79 (82) HPs)
             Began as a Gnoll Chaos Knight on Oct 17, 2022.
             Was a Plaything of Xom.
             Mangled by Pikel
             ... wielding a +2 whip of flaming
              (12 damage)
             ... on level 7 of the Dungeon.
             The game lasted 00:29:51 (6891 turns).

themarg the Basher (Gnoll Chaos Knight)             Turns: 6891, Time: 00:29:52

HP:   -7/79 (82)    AC: 13    Str: 16    XL:     10   Next: 17%
MP:   17/17         EV: 11    Int: 11    God:    Xom [..*...]
Gold: 336           SH:  0    Dex: 12    Spells: 19/19 levels left

rFire   + . .      SeeInvis .    a - +0 mace (chaos)
rCold   . . .      Faith    .    (no shield)
rNeg    + . .      Spirit   .    n - +1 scale mail {rN+}
rPois   .          Reflect  .    b - +2 helmet
rElec   .          Harm     .    q - +0 cloak
rCorr   .          Rampage  .    (no gloves)
Will    .....                    (no boots)
Stlth   +.........               g - amulet of regeneration
HPRegen 1.13/turn                l - ring of protection from fire
MPRegen 0.15/turn                (no ring)

@: hasted, lightly drained, very quick
A: fangs 1, strong nose, distributed training
a: Renounce Religion


You were on level 7 of the Dungeon.
You worshipped Xom.
You were a toy of Xom.
You visited 1 branch of the dungeon, and saw 7 of its levels.
You also visited: Sewer and Ossuary.

You collected 336 gold pieces.

Inventory:

Hand Weapons
 a - a +0 mace of chaos (weapon)
Missiles
 h - 73 stones
 s - 30 poisoned darts
 I - 3 boomerangs of dispersal
 K - 6 boomerangs
Armour
 b - a +2 helmet (worn)
 d - a +0 scale mail
 n - a +1 scale mail of positive energy (worn)
 o - the +0 robe of Urugoot {Regen+ Str+3}
   (You found it on level 2 of the Dungeon)

   Str:       It affects your strength (+3).
   Regen:     It increases your rate of health regeneration.
 q - a +0 cloak (worn)
Jewellery
 g - an amulet of regeneration (around neck)
 l - a ring of protection from fire (left hand)
 y - a ring of fire
Wands
 L - a wand of mindburst (16)
 N - a wand of roots (8)
Scrolls
 e - 2 scrolls of fear {unknown}
 f - 2 scrolls of vulnerability
 i - a scroll of poison
 j - 2 scrolls of fog
 k - a scroll of teleportation
 m - a scroll of blinking {unknown}
 B - 4 scrolls of noise
 E - 2 scrolls of amnesia {unknown}
 F - a scroll of enchant weapon {unknown}
 J - a scroll of magic mapping {unknown}
 M - a scroll of acquirement {unknown}
 O - a scroll of identify
 P - a scroll of enchant armour {unknown}
Potions
 p - 2 potions of heal wounds
 r - 4 potions of attraction
 t - 2 potions of haste
 u - 4 potions of mutation
 v - 2 potions of brilliance {unknown}
 w - 2 potions of invisibility
 x - 3 potions of magic
 z - a potion of curing {unknown}
 A - a potion of ambrosia {unknown}
 C - a potion of resistance {unknown}
 D - a potion of flight {unknown}
 G - a potion of cancellation
 H - 2 potions of berserk rage {unknown}
Miscellaneous
 c - a piece from Xom's chessboard (15/15) (quivered)


   Skills:
 + Level 8.4 Fighting
 + Level 5.2 Short Blades
 + Level 5.2 Long Blades
 + Level 5.2 Axes
 + Level 8.4 Maces & Flails
 + Level 5.2 Polearms
 + Level 5.2 Staves
 + Level 5.2 Ranged Weapons
 + Level 5.2 Throwing
 + Level 7.0 Armour
 + Level 5.9 Dodging
 + Level 5.2 Stealth
 + Level 5.2 Shields
 + Level 5.2 Unarmed Combat
 + Level 5.2 Spellcasting
 + Level 4.3 Conjurations
 + Level 4.3 Hexes
 + Level 4.3 Summonings
 + Level 4.3 Necromancy
 + Level 4.3 Translocations
 + Level 4.3 Transmutations
 + Level 4.3 Fire Magic
 + Level 4.3 Ice Magic
 + Level 4.3 Air Magic
 + Level 4.3 Earth Magic
 + Level 4.3 Poison Magic
 + Level 5.7 Invocations
 + Level 5.2 Evocations


You had 19 spell levels left.
You didn't know any spells.
Your spell library contained the following spells:

 Spells                   Type           Power      Damage    Failure   Level
 Magic Dart               Conj           48%        1d5       11%         1
 Slow                     Hex            48%        N/A       11%         1
 Ensorcelled Hibernation  Hex/Ice        24%        N/A       17%         2
 Passwall                 Tmut/Erth      10%        N/A       17%         2
 Searing Ray              Conj           24%        2d5       17%         2
 Confusing Touch          Hex            12%        N/A       32%         3
 Swiftness                Air            12%        N/A       32%         3
 Vampiric Draining        Necr           12%        2d6       32%         3
 Animate Dead             Necr           12%        N/A       73%         4
 Fulminant Prism          Conj/Hex       6%         3d7       73%         4
 Haunt                    Necr/Summ      6%         N/A       100%        7
 Infestation              Necr           6%         N/A       100%        8


Dungeon Overview and Level Annotations

Branches:
Dungeon (7/15)             Temple (0/1) D:5           Sewer (visited)
Ossuary (visited)

Altars:
Nemelex Xobeh
Xom
Yredelemnul
The Shining One

Shops:
D:4 [   D:6 :

Annotations:
D:4 1 transporter, 3 runed translucent doors, exclusion: 3 doors, Ekaitz's ghost, amateur DsFE; Menkaure
D:5 2 runed translucent doors
D:7 Pikel


Innate Abilities, Weirdness & Mutations

You have very sharp teeth.
Your uncanny sense of smell can sniff out nearby items.
Your experience applies equally to all skills.


Message History

You hit Pikel.
Pikel is poisoned.
Your bite misses Pikel.
Pikel is moderately wounded.
Pikel hits you with a +2 whip of flaming.
* * * LOW HITPOINT WARNING * * *
You closely miss Pikel.
Pikel is moderately wounded.
Xom smiles on you.
You feel much better.
Pikel hits you with a +2 whip of flaming!
Pikel burns you.
Pikel hits you with a +2 whip of flaming.
You closely miss Pikel.
Pikel is moderately wounded.
Pikel hits you but does no damage.
You miss Pikel. Your punch misses Pikel. Your bite misses Pikel.
Pikel is moderately wounded.
Pikel hits you but does no damage. Pikel barely misses you.
You barely miss Pikel.
Pikel is moderately wounded.
Pikel hits you with a +2 whip of flaming!
Pikel burns you.
You barely miss Pikel.
Pikel is moderately wounded.
Pikel barely misses you.
Pikel hits you with a +2 whip of flaming!
* * * LOW HITPOINT WARNING * * *
You miss Pikel.
Pikel is moderately wounded. "Go forth and destroy!"
You feel yourself speed up.
Pikel hits you with a +2 whip of flaming!
* * * LOW HITPOINT WARNING * * *
Pikel burns you.
* * * LOW HITPOINT WARNING * * *
Really read the scroll of poison?
The air fills with toxic fumes!
As you read the scroll of poison, it crumbles to dust.
Pikel hits you with a +2 whip of flaming!
You die...
Xom roars with laughter!

... #.# #.##### ∆
#.#)§§###
#..§§§§..∆
#.§§§§§.#
###########5§§b.§.#
#.§§§§§§§@K55§.§§.#
.#####§####5§b§§##
#.# #.§§## #.# #.##
# #.# .# #.#####.#
.# #.......# ##.
####.#### #.. #.#
#.# #.#


You could see Pikel (fast, strong, agile, poisoned) and 4 lemures.

Vanquished Creatures
  A shapeshifter (D:6)
  A wyvern (D:4)
  3 yaks
  A steam dragon (D:7)
  A water moccasin (D:6)
  An orc warrior (D:6)
  A black bear (D:6)
  A sky beast (D:7)
  An ogre (D:5)
  A lemure (D:3)
  3 kobold brigands
  A phantom (Sewer)
  A scorpion (D:4)
  2 gnoll sergeants (D:5)
  3 necrophages
  4 wights (D:7)
  4 crimson imps (D:6)
  A centaur zombie (Ossuary)
  2 hounds
  3 jellies
  2 human zombies (Ossuary)
  Crazy Yiuf (D:6)
  2 iguanas
  2 orc wizards
  Natasha (thrice) (D:3)
  4 mummies (Ossuary)
  18 gnolls
  12 adders
  5 shadow imps (Sewer)
  8 ufetubi
  2 worms (D:2)
  A dart slug (D:4)
  23 orcs
  5 ball pythons
  10 endoplasms
  2 giant cockroaches (D:4)
  2 gnoll zombies (Ossuary)
  8 hobgoblins
  6 jackals
  4 quokkas
  9 bats
  4 frilled lizards
  A giant cockroach zombie (Sewer)
  4 goblins
  A hobgoblin zombie (Ossuary)
  24 kobolds
  3 kobold zombies
  3 rats (D:1)
205 creatures vanquished.

Vanquished Creatures (collateral kills)
  A yak (D:6)
  Eustachio (D:6)
  A scorpion (D:3)
  An iguana (D:6)
  2 adders (D:3)
  An orc (D:3)
  A rat (D:3)
8 creatures vanquished.

Vanquished Creatures (others)
  3 plants (D:4)
3 creatures vanquished.

Grand Total: 216 creatures vanquished

Notes
Turn   | Place    | Note
-------+----------+-------------------------------------------
     0 | D:1      | themarg the Gnoll Chaos Knight began the quest for the Orb.
     0 | D:1      | Reached XP level 1. HP: 23/23 MP: 1/1
    84 | D:1      | Reached XP level 2. HP: 26/29 MP: 2/2
   185 | D:1      | Reached XP level 3. HP: 20/35 MP: 3/3
   489 | D:1      | Reached skill level 1 in Invocations
   580 | D:1      | XOM: silly message
   687 | D:1      | Found a faded altar of an unknown god.
   711 | D:1      | Reached skill level 1 in Short Blades
   711 | D:1      | Reached skill level 1 in Long Blades
   711 | D:1      | Reached skill level 1 in Axes
   711 | D:1      | Reached skill level 1 in Polearms
   711 | D:1      | Reached skill level 1 in Staves
   711 | D:1      | Reached skill level 1 in Ranged Weapons
   711 | D:1      | Reached skill level 1 in Throwing
   711 | D:1      | Reached skill level 1 in Stealth
   711 | D:1      | Reached skill level 1 in Shields
   711 | D:1      | Reached skill level 1 in Unarmed Combat
   711 | D:1      | Reached skill level 1 in Spellcasting
   711 | D:1      | Reached skill level 1 in Evocations
   747 | D:1      | XOM: silly message
   983 | D:1      | XOM: divination: detect items
  1109 | D:2      | Reached XP level 4. HP: 29/41 MP: 5/5
  1143 | D:2      | XOM: potion effect (haste)
  1248 | D:2      | Reached skill level 1 in Conjurations
  1248 | D:2      | Reached skill level 1 in Hexes
  1248 | D:2      | Reached skill level 1 in Summonings
  1248 | D:2      | Reached skill level 1 in Necromancy
  1248 | D:2      | Reached skill level 1 in Translocations
  1248 | D:2      | Reached skill level 1 in Transmutations
  1248 | D:2      | Reached skill level 1 in Fire Magic
  1248 | D:2      | Reached skill level 1 in Ice Magic
  1248 | D:2      | Reached skill level 1 in Air Magic
  1248 | D:2      | Reached skill level 1 in Earth Magic
  1248 | D:2      | Reached skill level 1 in Poison Magic
  1427 | D:2      | Identified the +0 robe of Urugoot {Regen+ Str+3}
  1599 | D:2      | Reached XP level 5. HP: 47/47 MP: 5/7
  1761 | D:3      | XOM: stealth player
  1804 | D:3      | You fall into a shaft and drop 1 floor!
  1843 | D:4      | Found a sparkling altar of Nemelex Xobeh.
  1843 | D:4      | Found a transporter.
  1932 | D:3      | Noticed Grinder
  1933 | D:3      | Grinder changed into Grinder the lemure
  1933 | D:3      | Noticed Grinder
  1933 | D:3      | XOM: polymorph Grinder -> Grinder the lemure
  1940 | D:3      | XOM: summons 5 friendly demons
  1948 | D:3      | Killed Grinder the lemure
  1949 | D:3      | Reached XP level 6. HP: 47/53 MP: 8/8
  1958 | D:3      | Reached skill level 5 in Armour
  1969 | D:3      | Noticed Natasha
  1979 | D:3      | Killed Natasha
  2009 | D:3      | Found a glowing drain.
  2034 | Sewer    | Entered a sewer
  2065 | Sewer    | XOM: smoke on damage
  2230 | Sewer    | Found an ancient bone altar of Kikubaaqudgha.
  2237 | Sewer    | XOM: swap monsters
  2256 | Sewer    | Reached XP level 7. HP: 28/60 MP: 10/10
  2306 | Sewer    | XOM: summons 4 hostile demons
  2314 | Sewer    | XOM: swap monsters
  2629 | D:3      | Noticed Natasha
  2639 | D:3      | Killed Natasha
  2804 | D:3      | Noticed Natasha
  2829 | D:3      | Killed Natasha
  2850 | D:3      | Found a faded altar of an unknown god.
  2880 | D:3      | XOM: summons 1 hostile shadow creature
  3272 | D:4      | XOM: chaos upgrade
  3332 | D:4      | Noticed Ekaitz's ghost (amateur DsFE)
  3340 | D:4      | Reached XP level 8. HP: 64/67 MP: 12/12
  3352 | D:4      | Found a runed translucent gate.
  3352 | D:4      | Found a runed translucent gate.
  3352 | D:4      | Found a runed translucent gate.
  3374 | D:4      | Noticed a wyvern
  3374 | D:4      | XOM: summons 4 hostile shadow creatures
  3439 | D:4      | Found Bizi's Antique Armour Shoppe.
  3456 | D:4      | Noticed Menkaure
  3464 | D:4      | XOM: swap monsters
  3467 | D:4      | XOM: summons 5 hostile demons
  3468 | D:4      | Noticed a soul eater
  3468 | D:4      | Noticed a sixfirhy
  3776 | D:4      | Killed a wyvern
  3924 | D:5      | Entered Level 5 of the Dungeon
  4006 | D:5      | Found a sand-covered staircase.
  4011 | Ossuary  | Entered an ossuary
  4093 | Ossuary  | XOM: silly message
  4401 | D:5      | Found a staircase to the Ecumenical Temple.
  4423 | D:5      | XOM: confuse monster(s)
  4448 | D:5      | XOM: enchant monster (bad)
  4621 | D:5      | XOM: confusion (+ monsters)
  4624 | D:5      | XOM: blink monster(s)
  4709 | D:5      | Found a runed translucent door.
  4713 | D:5      | Found a runed translucent door.
  4846 | D:5      | Found a basalt altar of Yredelemnul.
  4852 | D:5      | Found a glowing golden altar of the Shining One.
  4854 | D:5      | Noticed an angel
  4867 | D:5      | a hound changed into a glowing shapeshifter
  4867 | D:5      | Noticed a glowing shapeshifter (glowing shapeshifter)
  4867 | D:5      | XOM: confusion (+ monsters)
  4867 | D:5      | a glowing shapeshifter changed into a steelbarb worm
  4867 | D:5      | Noticed a steelbarb worm (glowing shapeshifter)
  4868 | D:5      | a steelbarb worm changed into a snapping turtle
  4868 | D:5      | Noticed a snapping turtle (glowing shapeshifter)
  4872 | D:5      | a snapping turtle changed into a cyclops
  4872 | D:5      | Noticed a cyclops (glowing shapeshifter)
  4873 | D:5      | a cyclops changed into a redback
  4874 | D:5      | XOM: summons friendly iron imp
  4924 | D:5      | XOM: confuse monster(s)
  4932 | D:5      | Reached XP level 9. HP: 25/73 MP: 14/14
  5158 | D:5      | Noticed a manticore
  5158 | D:5      | a manticore changed into a glowing shapeshifter
  5158 | D:5      | Noticed a glowing shapeshifter (glowing shapeshifter)
  5158 | D:5      | XOM: polymorph manticore -> glowing shapeshifter
  5158 | D:5      | a glowing shapeshifter changed into a wolf spider
  5158 | D:5      | Noticed a wolf spider (glowing shapeshifter)
  5160 | D:5      | a wolf spider changed into a snapping turtle
  5162 | D:5      | a snapping turtle changed into a manticore
  5162 | D:5      | Noticed a manticore (glowing shapeshifter)
  5164 | D:5      | a manticore changed into a meliai
  5164 | D:5      | Noticed a meliai (glowing shapeshifter)
  5166 | D:5      | a meliai changed into a hog
  5168 | D:5      | a hog changed into a meliai
  5168 | D:5      | Noticed a meliai (glowing shapeshifter)
  5171 | D:5      | a meliai changed into a wind drake
  5171 | D:5      | Noticed a wind drake (glowing shapeshifter)
  5174 | D:5      | a wind drake changed into a mana viper
  5174 | D:5      | Noticed a mana viper (glowing shapeshifter)
  5175 | D:5      | a mana viper changed into a two-headed ogre
  5175 | D:5      | Noticed a two-headed ogre (glowing shapeshifter)
  5179 | D:5      | a two-headed ogre changed into a faun
  5179 | D:5      | Noticed a faun (glowing shapeshifter)
  5180 | D:5      | a faun changed into an eye of devastation
  5180 | D:5      | Noticed an eye of devastation (glowing shapeshifter)
  5186 | D:5      | an eye of devastation changed into a redback
  5188 | D:5      | a redback changed into a guardian serpent
  5188 | D:5      | Noticed a guardian serpent (glowing shapeshifter)
  5192 | D:5      | a guardian serpent changed into a salamander
  5192 | D:5      | Noticed a salamander (glowing shapeshifter)
  5193 | D:5      | a salamander changed into a tarantella
  5193 | D:5      | Noticed a tarantella (glowing shapeshifter)
  5610 | D:6      | Reached skill level 5 in Dodging
  5731 | D:6      | Found a shimmering altar of Xom.
  5738 | D:6      | XOM: cast spell 'Metabolic Englaciation'
  5957 | D:6      | XOM: summons 2 hostile demons
  5981 | D:6      | Found Zizou's Book Boutique.
  5995 | D:6      | XOM: divination: magic mapping
  6173 | D:6      | XOM: stat loss: -1 Int (10/11)
  6194 | D:6      | XOM: scenery: 1 doors close
  6227 | D:6      | Noticed Eustachio
  6236 | D:6      | XOM: summons friendly quasit
  6238 | D:6      | XOM: summons friendly rust devil
  6245 | D:6      | Killed Eustachio
  6246 | D:6      | Reached skill level 5 in Invocations
  6309 | D:6      | Found a runed translucent door.
  6310 | D:6      | Noticed Crazy Yiuf
  6318 | D:6      | Killed Crazy Yiuf
  6513 | D:7      | XOM: summons friendly crimson imp
  6531 | D:6      | XOM: summons 9 friendly demons
  6557 | D:6      | XOM: chaos cloud
  6642 | D:7      | XOM: chaos cloud
  6643 | D:7      | XOM: repel stairs
  6644 | D:7      | Reached skill level 5 in Short Blades
  6644 | D:7      | Reached skill level 5 in Long Blades
  6644 | D:7      | Reached skill level 5 in Axes
  6644 | D:7      | Reached skill level 5 in Polearms
  6644 | D:7      | Reached skill level 5 in Staves
  6644 | D:7      | Reached skill level 5 in Ranged Weapons
  6644 | D:7      | Reached skill level 5 in Throwing
  6644 | D:7      | Reached skill level 5 in Stealth
  6644 | D:7      | Reached skill level 5 in Shields
  6644 | D:7      | Reached skill level 5 in Unarmed Combat
  6644 | D:7      | Reached skill level 5 in Spellcasting
  6644 | D:7      | Reached skill level 5 in Evocations
  6644 | D:7      | Reached XP level 10. HP: 75/81 MP: 17/17
  6758 | D:7      | XOM: silly message
  6819 | D:7      | XOM: confusion (+ monsters)
  6826 | D:7      | XOM: noise
  6865 | D:7      | Noticed Pikel
  6868 | D:7      | XOM: scenery: summon butterflies
  6878 | D:7      | XOM: divination: detect items
  6885 | D:7      | XOM: potion effect (heal wounds)
  6890 | D:7      | XOM: potion effect (haste)
  6891 | D:7      | Mangled by Pikel

Illustrated notes

Levels and vault maps discovered:
D:1:      tarquinn_simple_flora_water_d, layout_loops_ring,
          shapermc_ecumenical_altar_ellora, roderic_lattice_a
D:2:      layout_loops_ring
D:3:      layout_basic, nicolae_overflow_ecumenical_swirl, portal_sewer_entry_d,
          minmay_misc_feat_more_columns, uniq_natasha, uniq_grinder
D:4:      layout_loops_ring, grunt_nemelex_the_gamble, serial_shops,
          nicolae_shop_overgrown_old_shop, gammafunk_ghost_necromancy,
          uniq_menkaure
D:5:      lemuel_insect_pit, layout_basic, grunt_temple_overflow_holy_war,
          temple_statues, enter_ossuary_5
D:6:      layout_loops_cross, led_xom_imps, serial_shops, shop, fountainhead,
          nicolae_hexahallways, uniq_eustachio, uniq_crazy_yiuf_cottage
D:7:      layout_loops_ring, mainiacjoe_overflow_alcove_2, uniq_pikel

Skill      XL: |  1  2  3  4  5  6  7  8  9 10 |
---------------+-------------------------------+-----
Invocations    | 1 2 3 4 5 |  5.7
Short Blades   | 1 2 3 5 |  5.2
Long Blades    | 1 2 3 5 |  5.2
Axes           | 1 2 3 5 |  5.2
Polearms       | 1 2 3 5 |  5.2
Staves         | 1 2 3 5 |  5.2
Ranged Weapons | 1 2 3 5 |  5.2
Throwing       | 1 2 3 5 |  5.2
Stealth        | 1 2 3 5 |  5.2
Shields        | 1 2 3 5 |  5.2
Unarmed Combat | 1 2 3 5 |  5.2
Spellcasting   | 1 2 3 5 |  5.2
Evocations     | 1 2 3 5 |  5.2
Conjurations   | 1 2 3 4 |  4.3
Hexes          | 1 2 3 4 |  4.3
Summonings     | 1 2 3 4 |  4.3
Necromancy     | 1 2 3 4 |  4.3
Translocations | 1 2 3 4 |  4.3
Transmutations | 1 2 3 4 |  4.3
Fire Magic     | 1 2 3 4 |  4.3
Ice Magic      | 1 2 3 4 |  4.3
Air Magic      | 1 2 3 4 |  4.3
Earth Magic    | 1 2 3 4 |  4.3
Poison Magic   | 1 2 3 4 |  4.3
Dodging        | 3 4 5 |  5.9
Armour         | 5 6 7 |  7.0
Fighting       | 7 8 |  8.4
Maces & Flails | 7 8 |  8.4

Action                   |  1- 3 |  4- 6 |  7- 9 | 10-12 || total
-------------------------+-------+-------+-------+-------++-------
Melee: Mace              |   100 |   185 |   615 |    63 ||   963
       Punch             |     3 |     2 |    21 |     3 ||    29
       Bite              |    12 |    16 |    76 |     5 ||   109
Evoke: Piece from Xom's  |       |       |     4 |       ||     4
  Use: Potion            |       |       |     7 |       ||     7
       Scroll            |       |       |     9 |     1 ||    10
 Stab: Distracted        |       |     1 |       |       ||     1
       Confused          |       |       |     6 |     1 ||     7
Armor: Leather armour    |     9 |       |       |       ||     9
       Scale mail        |    34 |   109 |   456 |    26 ||   625
Dodge: Dodged            |    39 |   102 |   393 |    27 ||   561

Table legend: (Time is in decaauts)
 A = Elapsed time spent in this place.
 B = Non-inter-level travel time spent in this place.
 C = Inter-level travel time spent in this place.
 D = Time resting spent in this place.
 E = Time spent auto-exploring this place.
 F = Levels seen in this place.
 G = Mean time per level.
                   A        B        C        D        E       F      G
               +--------+--------+--------+--------+--------+-----+--------+
         Total |   6927 |   6750 |    177 |    212 |   4205 |   9 |  769.7 |
       Dungeon |   6207 |   6030 |    177 |    191 |   4051 |   7 |  886.7 |
         Sewer |    477 |    477 |      0 |     21 |    154 |   1 |  477.0 |
       Ossuary |    242 |    242 |      0 |      0 |      0 |   1 |  242.0 |
               +--------+--------+--------+--------+--------+-----+--------+

Top non-repeatable levels by time:
     D:5: 1221 daAuts
     D:6: 1203 daAuts
     D:1: 1097 daAuts
     D:3: 877 daAuts
     D:4: 858 daAuts
     D:2: 653 daAuts
   Sewer: 477 daAuts
     D:7: 295 daAuts
 Ossuary: 242 daAuts
